| TOP OF THE 1ST |
|
Lakeland Pilots batting - Pitching for St. Petersburg Saints : RHP Stan Leland
|
|
Pitching: RHP Stan Leland
|
|
|
Batting: LHB Chris Stropolo
|
0-0: Called Strike 0-1: Ball 1-1: Foul Ball, location: 2F 1-2: Ball 2-2: SINGLE (Line Drive, 4MD, EV 95.0 MPH)
|
|
Batting: RHB Dave C Anderson
|
0-0: Called Strike Chris Stropolo steals 2nd base 0-1: Called Strike 0-2: Foul Ball, location: 2F 0-2: Ball 1-2: DOUBLE (Line Drive, 7LM, EV 98.8 MPH) Chris Stropolo scores
|
|
Batting: SHB Mike D Young
|
0-0: Ball 1-0: Ball 2-0: Ball 3-0: Base on Balls
|
|
Batting: LHB Mike Laga
|
0-0: Called Strike 0-1: Foul Ball, location: 2F 0-2: Strikes out swinging
|
|
Batting: RHB Eugeniuo Cotes
|
0-0: Ball 1-0: Ball 2-0: Called Strike 2-1: Ball 3-1: Base on Balls Dave C Anderson to third Mike D Young to second
|
|
Batting: SHB Raul Gonzalez
|
0-0: Called Strike 0-1: Fly out, F9 (Flyball, 9S, EV 82.5 MPH)
|
|
Batting: RHB Kevin McGann
|
0-0: Ball 1-0: Ball 2-0: Ball 3-0: Called Strike 3-1: Called Strike 3-2: Foul Ball, location: 2F 3-2: Foul Ball, location: 2F 3-2: Base on Balls Dave C Anderson scores Mike D Young to third Eugeniuo Cotes to second
|
|
Batting: SHB Alphonso Eiland
|
0-0: Foul Ball, location: 2F 0-1: Foul Ball, location: 2F 0-2: Foul Ball, location: 2F 0-2: Fly out, F7 (Flyball, 7S, EV 88.1 MPH)
|
| Top of the 1st over - 2 runs, 2 hits, 0 errors, 3 left on base; Lakeland 2 - St. Petersburg 0 |
| BOTTOM OF THE 1ST |
|
St. Petersburg Saints batting - Pitching for Lakeland Pilots : LHP Danny Jackson
|
|
Pitching: LHP Danny Jackson
|
|
|
Batting: LHB Omar de la Torre
|
0-0: Ground out 4-3 (Groundball, 4, EV 94.4 MPH)
|
|
Batting: LHB Al Leboeuf
|
0-0: SINGLE (Groundball, 6MD, EV 94.4 MPH)
|
|
Batting: LHB Terry Blocker
|
0-0: Swinging Strike 0-1: SINGLE (Groundball, 3D, EV 109.4 MPH) Al Leboeuf to second Runner from 2nd tries for 3rd, SAFE, no throw by RF
|
|
Batting: RHB Rock Coyle
|
0-0: Ball 1-0: SINGLE (Line Drive, 34D, EV 93.8 MPH) Al Leboeuf scores Terry Blocker to second Runner from 2nd tries for 3rd, SAFE, throw by RF made to third
|
|
Batting: RHB Ric Despaux
|
0-0: Ball 1-0: Called Strike 1-1: Foul Ball, location: 2F 1-2: Strikes out swinging
|
|
Batting: RHB Jerry Johnson
|
0-0: Ball 1-0: Called Strike 1-1: Ball 2-1: Ball Wild Pitch! Terry Blocker scores Rock Coyle to second 3-1: Base on Balls
|
|
Batting: RHB Randy Ingle
|
0-0: Foul Ball, location: 2F 0-1: Fly out, F9 (Flyball, 9, EV 93.8 MPH)
|
| Bottom of the 1st over - 2 runs, 3 hits, 0 errors, 2 left on base; Lakeland 2 - St. Petersburg 2 |
| TOP OF THE 2ND |
|
Lakeland Pilots batting - Pitching for St. Petersburg Saints : RHP Stan Leland
|
|
Batting: RHB Dennis Delany
|
0-0: Ball 1-0: Called Strike 1-1: Ball 2-1: Ball 3-1: Ground out 6-3 (Groundball, 6, EV 81.9 MPH)
|
|
Batting: LHB Chris Stropolo
|
0-0: Foul Ball, location: 2F 0-1: Foul Ball, location: 2F 0-2: Ball 1-2: Ground out 5-3 (Groundball, 5L, EV 86.3 MPH)
|
|
Batting: RHB Dave C Anderson
|
0-0: Ball 1-0: Ball 2-0: Swinging Strike 2-1: Ground out 4-3 (Groundball, 4S, EV 84.4 MPH)
|
| Top of the 2nd over - 0 runs, 0 hits, 0 errors, 0 left on base; Lakeland 2 - St. Petersburg 2 |
| BOTTOM OF THE 2ND |
|
St. Petersburg Saints batting - Pitching for Lakeland Pilots : LHP Danny Jackson
|
|
Batting: RHB Roberto Alvarez
|
0-0: Ground out 4-3 (Groundball, 4, EV 86.9 MPH)
|
|
Batting: RHB Pablo Carballo
|
0-0: Ball 1-0: Swinging Strike 1-1: Ball 2-1: Ball 3-1: Base on Balls
|
|
Batting: LHB Omar de la Torre
|
0-0: Called Strike 0-1: Ball 1-1: Ball 2-1: Foul Ball, location: 2F 2-2: Ball 3-2: SINGLE (Groundball, 25, EV 72.5 MPH) (infield hit) Pablo Carballo to second
|
|
Batting: LHB Al Leboeuf
|
0-0: Ball 1-0: Ball 2-0: Called Strike 2-1: Ball 3-1: Foul Ball, location: 2F 3-2: Ground out 6-3 (Groundball, 6M, EV 97.5 MPH) Pablo Carballo to third Omar de la Torre to second
|
|
Batting: LHB Terry Blocker
|
0-0: Called Strike 0-1: Ground out 4-3 (Groundball, 4, EV 81.9 MPH)
|
| Bottom of the 2nd over - 0 runs, 1 hit, 0 errors, 2 left on base; Lakeland 2 - St. Petersburg 2 |
| TOP OF THE 3RD |
|
Lakeland Pilots batting - Pitching for St. Petersburg Saints : RHP Stan Leland
|
|
Batting: SHB Mike D Young
|
0-0: Ball 1-0: Called Strike 1-1: Ball 2-1: Foul Ball, location: 2F 2-2: Ball 3-2: Ground out 4-3 (Groundball, 4, EV 101.9 MPH)
|
|
Batting: LHB Mike Laga
|
0-0: Ground out U3 (Groundball, 3, EV 102.5 MPH)
|
|
Batting: RHB Eugeniuo Cotes
|
0-0: Ball 1-0: Called Strike 1-1: Foul Ball, location: 2F 1-2: SOLO HOME RUN (Flyball, 7D, EV 107.5 MPH), Distance : 394 ft
|
|
Batting: SHB Raul Gonzalez
|
0-0: Foul Ball, location: 2F 0-1: Ball 1-1: Ball 2-1: Called Strike 2-2: Strikes out swinging
|
| Top of the 3rd over - 1 run, 1 hit, 0 errors, 0 left on base; Lakeland 3 - St. Petersburg 2 |
| BOTTOM OF THE 3RD |
|
St. Petersburg Saints batting - Pitching for Lakeland Pilots : LHP Danny Jackson
|
|
Batting: RHB Rock Coyle
|
0-0: Called Strike 0-1: Ball 1-1: Foul Ball, location: 2F 1-2: Ball 2-2: Ground out 5-3 (Groundball, 56S, EV 87.5 MPH)
|
|
Batting: RHB Ric Despaux
|
0-0: Called Strike 0-1: Ball 1-1: Ball 2-1: Foul Ball, location: 2F 2-2: Strikes out swinging
|
|
Batting: RHB Jerry Johnson
|
0-0: Ball 1-0: Ball 2-0: Ball 3-0: Called Strike 3-1: SINGLE (Line Drive, 7LS, EV 105.0 MPH)
|
|
Batting: RHB Randy Ingle
|
0-0: Ball 1-0: SINGLE (Groundball, 6S, EV 68.8 MPH) (infield hit) Jerry Johnson to second
|
|
Batting: RHB Roberto Alvarez
|
0-0: Fly out, F6 (Line Drive, 6, EV 63.8 MPH)
|
| Bottom of the 3rd over - 0 runs, 2 hits, 0 errors, 2 left on base; Lakeland 3 - St. Petersburg 2 |
| TOP OF THE 4TH |
|
Lakeland Pilots batting - Pitching for St. Petersburg Saints : RHP Stan Leland
|
|
Batting: RHB Kevin McGann
|
0-0: Ball 1-0: Foul Ball, location: 2F 1-1: Ball 2-1: Foul Ball, location: 2F 2-2: Strikes out swinging
|
|
Batting: SHB Alphonso Eiland
|
0-0: Ball 1-0: Ball 2-0: Ball 3-0: Called Strike 3-1: Called Strike 3-2: Fly out, F7 (Flyball, 7S, EV 87.5 MPH)
|
|
Batting: RHB Dennis Delany
|
0-0: SINGLE (Groundball, 6MD, EV 108.8 MPH)
|
|
Batting: LHB Chris Stropolo
|
0-0: Called Strike 0-1: Ball 1-1: Foul Ball, location: 2F 1-2: Ground out 4-3 (Groundball, 34, EV 80.6 MPH)
|
| Top of the 4th over - 0 runs, 1 hit, 0 errors, 1 left on base; Lakeland 3 - St. Petersburg 2 |
| BOTTOM OF THE 4TH |
|
St. Petersburg Saints batting - Pitching for Lakeland Pilots : LHP Danny Jackson
|
|
Batting: RHB Pablo Carballo
|
0-0: Called Strike 0-1: Called Strike 0-2: Ball 1-2: Ball 2-2: Ball 3-2: Ground out 4-3 (Groundball, 34, EV 86.9 MPH)
|
|
Batting: LHB Omar de la Torre
|
0-0: Ball 1-0: SINGLE (Line Drive, 4M, EV 108.1 MPH)
|
|
Batting: LHB Al Leboeuf
|
0-0: Ball 1-0: Called Strike 1-1: Called Strike 1-2: Fly out, F5 (Flyball, 5D, EV 86.9 MPH)
|
|
Batting: LHB Terry Blocker
|
0-0: Called Strike 0-1: Ball Omar de la Torre is caught stealing 2nd base 2-6
|
| Bottom of the 4th over - 0 runs, 1 hit, 0 errors, 0 left on base; Lakeland 3 - St. Petersburg 2 |
| TOP OF THE 5TH |
|
Lakeland Pilots batting - Pitching for St. Petersburg Saints : RHP Stan Leland
|
|
Batting: RHB Dave C Anderson
|
0-0: Called Strike 0-1: Foul Ball, location: 2F 0-2: Foul Ball, location: 2F 0-2: Ball 1-2: Ball 2-2: Ground out 5-3 (Groundball, 5, EV 79.4 MPH)
|
|
Batting: SHB Mike D Young
|
0-0: Ball 1-0: Called Strike 1-1: Ball 2-1: Ball 3-1: Base on Balls
|
|
Batting: LHB Mike Laga
|
0-0: Ball 1-0: Ball 2-0: SINGLE (Groundball, 34D, EV 106.9 MPH) Mike D Young to second Runner from 2nd tries for 3rd, SAFE, no throw by RF
|
|
Batting: RHB Eugeniuo Cotes
|
0-0: Fly out, F8 (Line Drive, 8LM, EV 106.9 MPH) Runner from 3rd tags up, SCORES, throw by CF
|
|
Batting: SHB Raul Gonzalez
|
0-0: Called Strike 0-1: Foul Ball, location: 2F 0-2: Ball 1-2: Ball 2-2: Fly out, F7 (Flyball, 7LD, EV 91.3 MPH)
|
| Top of the 5th over - 1 run, 1 hit, 0 errors, 1 left on base; Lakeland 4 - St. Petersburg 2 |
| BOTTOM OF THE 5TH |
|
St. Petersburg Saints batting - Pitching for Lakeland Pilots : LHP Danny Jackson
|
|
Batting: LHB Terry Blocker
|
0-0: Ball 1-0: Called Strike 1-1: Ball 2-1: Ground out 6-3 (Groundball, 6M, EV 110.6 MPH)
|
|
Batting: RHB Rock Coyle
|
0-0: Fly out, F4 (Popup, 4D, EV 62.5 MPH)
|
|
Batting: RHB Ric Despaux
|
0-0: Ball 1-0: Ball 2-0: Ball 3-0: Called Strike 3-1: Base on Balls
|
|
Batting: RHB Jerry Johnson
|
0-0: Ball 1-0: Ball 2-0: Foul Ball, location: 2F 2-1: Fielders Choice at 2nd, 6-4 (Groundball, 6, EV 81.3 MPH)
|
| Bottom of the 5th over - 0 runs, 0 hits, 0 errors, 1 left on base; Lakeland 4 - St. Petersburg 2 |
| TOP OF THE 6TH |
|
Lakeland Pilots batting - Pitching for St. Petersburg Saints : RHP Stan Leland
|
|
Batting: RHB Kevin McGann
|
0-0: Called Strike 0-1: Foul Ball, location: 2F 0-2: Fly out, F2 (Popup, 25F, EV 90.0 MPH)
|
|
Batting: SHB Alphonso Eiland
|
0-0: Ground out 6-3 (Groundball, 6, EV 108.1 MPH)
|
|
Batting: RHB Dennis Delany
|
0-0: Foul Ball, location: 2F 0-1: Ball 1-1: Swinging Strike 1-2: Ball 2-2: Fly out, F8 (Flyball, 8RD, EV 81.9 MPH)
|
| Top of the 6th over - 0 runs, 0 hits, 0 errors, 0 left on base; Lakeland 4 - St. Petersburg 2 |
| BOTTOM OF THE 6TH |
|
St. Petersburg Saints batting - Pitching for Lakeland Pilots : LHP Danny Jackson
|
|
Batting: RHB Randy Ingle
|
0-0: Ball 1-0: Ball 2-0: Ball 3-0: Called Strike 3-1: Swinging Strike 3-2: Foul Ball, location: 2F 3-2: Base on Balls
|
|
Batting: RHB Roberto Alvarez
|
0-0: Called Strike 0-1: Ball 1-1: Grounds into double play, 6-4-3 (Groundball, 6, EV 85.6 MPH)
|
|
Batting: RHB Pablo Carballo
|
0-0: Called Strike 0-1: Swinging Strike 0-2: Ball 1-2: Ball 2-2: Foul Ball, location: 2F 2-2: Fly out, F8 (Flyball, 8LM, EV 92.5 MPH)
|
| Bottom of the 6th over - 0 runs, 0 hits, 0 errors, 0 left on base; Lakeland 4 - St. Petersburg 2 |
| TOP OF THE 7TH |
|
Lakeland Pilots batting - Pitching for St. Petersburg Saints : RHP Stan Leland
|
|
Batting: LHB Chris Stropolo
|
0-0: Foul Ball, location: 2F 0-1: Ball 1-1: Ball 2-1: Ball 3-1: Base on Balls
|
|
Batting: RHB Dave C Anderson
|
0-0: Ball 1-0: Ball 2-0: Ball 3-0: Base on Balls Chris Stropolo to second
|
|
Batting: SHB Mike D Young
|
0-0: Fly out, F8 (Flyball, 8RD, EV 95.0 MPH)
|
|
Batting: LHB Mike Laga
|
0-0: TRIPLE (Line Drive, 9LD, EV 103.1 MPH) Chris Stropolo scores Dave C Anderson scores
|
|
Pitching: RHP Scott Dwyer
|
|
|
Batting: RHB Eugeniuo Cotes
|
0-0: Ball 1-0: Ball 2-0: Ball 3-0: Base on Balls
|
|
Batting: SHB Raul Gonzalez
|
0-0: Called Strike 0-1: Fielders Choice at 2nd, 4-6 (Groundball, 4M, EV 103.8 MPH) Mike Laga scores
|
|
Batting: RHB Kevin McGann
|
0-0: Called Strike 0-1: Ball 1-1: Swinging Strike 1-2: Strikes out swinging
|
| Top of the 7th over - 3 runs, 1 hit, 0 errors, 1 left on base; Lakeland 7 - St. Petersburg 2 |
| BOTTOM OF THE 7TH |
|
St. Petersburg Saints batting - Pitching for Lakeland Pilots : LHP Danny Jackson
|
|
Batting: LHB Omar de la Torre
|
0-0: Called Strike 0-1: Ball 1-1: Ground out 5-3 (Groundball, 5, EV 84.4 MPH)
|
|
Batting: LHB Al Leboeuf
|
0-0: Ball 1-0: Foul Ball, location: 2F 1-1: Ball 2-1: Ground out 6-3 (Groundball, 6, EV 86.3 MPH)
|
|
Batting: LHB Terry Blocker
|
0-0: Called Strike 0-1: Ground out 4-3 (Groundball, 4, EV 86.9 MPH)
|
| Bottom of the 7th over - 0 runs, 0 hits, 0 errors, 0 left on base; Lakeland 7 - St. Petersburg 2 |
| TOP OF THE 8TH |
|
Lakeland Pilots batting - Pitching for St. Petersburg Saints : RHP Scott Dwyer
|
|
Batting: SHB Alphonso Eiland
|
0-0: Called Strike 0-1: Ball 1-1: Ball 2-1: Ball 3-1: Base on Balls
|
|
Batting: RHB Dennis Delany
|
0-0: Ball 1-0: Ball 2-0: Called Strike 2-1: Fly out, F8 (Line Drive, 8RM, EV 90.6 MPH)
|
|
Batting: LHB Chris Stropolo
|
0-0: Ball 1-0: Grounds into double play, 5-4-3 (Groundball, 56S, EV 91.3 MPH)
|
| Top of the 8th over - 0 runs, 0 hits, 0 errors, 0 left on base; Lakeland 7 - St. Petersburg 2 |
| BOTTOM OF THE 8TH |
|
St. Petersburg Saints batting - Pitching for Lakeland Pilots : LHP Danny Jackson
|
|
Batting: RHB Rock Coyle
|
0-0: Ball 1-0: Foul Ball, location: 2F 1-1: Ball 2-1: Ball 3-1: Foul Ball, location: 2F 3-2: Ground out 6-3 (Groundball, 6, EV 88.1 MPH)
|
|
Batting: RHB Ric Despaux
|
0-0: Ground out 4-3 (Groundball, 4, EV 77.5 MPH)
|
|
Batting: RHB Jerry Johnson
|
0-0: Ball 1-0: SINGLE (Line Drive, 8RS, EV 93.1 MPH)
|
|
Batting: RHB Randy Ingle
|
0-0: SINGLE (Groundball, 6D, EV 103.1 MPH) Jerry Johnson to second
|
|
Batting: RHB Roberto Alvarez
|
0-0: Ball 1-0: Ball 2-0: Ball 3-0: Called Strike 3-1: Fly out, F9 (Flyball, 9, EV 91.9 MPH)
|
| Bottom of the 8th over - 0 runs, 2 hits, 0 errors, 2 left on base; Lakeland 7 - St. Petersburg 2 |
| TOP OF THE 9TH |
|
Lakeland Pilots batting - Pitching for St. Petersburg Saints : RHP Scott Dwyer
|
|
Batting: RHB Dave C Anderson
|
0-0: Called Strike 0-1: Ground out 5-3 (Groundball, 56S, EV 86.9 MPH)
|
|
Batting: SHB Mike D Young
|
0-0: Foul Ball, location: 2F 0-1: Fly out, F9 (Flyball, 89M, EV 89.4 MPH)
|
|
Batting: LHB Mike Laga
|
0-0: Fly out, F8 (Flyball, 8LM, EV 96.9 MPH)
|
| Top of the 9th over - 0 runs, 0 hits, 0 errors, 0 left on base; Lakeland 7 - St. Petersburg 2 |
| BOTTOM OF THE 9TH |
|
St. Petersburg Saints batting - Pitching for Lakeland Pilots : LHP Danny Jackson
|
|
Batting: RHB Pablo Carballo
|
0-0: Foul Ball, location: 2F 0-1: Ball 1-1: Ball 2-1: Single, Error in OF, E7, batter to second base (Groundball, 56D, EV 96.9 MPH)
|
|
Batting: LHB Omar de la Torre
|
0-0: Ball 1-0: Fly out, F8 (Flyball, 8RD, EV 98.8 MPH)
|
|
Batting: LHB Al Leboeuf
|
0-0: Ball 1-0: Called Strike 1-1: Ball 2-1: Fly out, F7 (Flyball, 78M, EV 86.9 MPH)
|
|
Batting: LHB Terry Blocker
|
0-0: Foul Ball, location: 2F 0-1: Fly out, F2 (Popup, 23F, EV 89.4 MPH)
|
| Bottom of the 9th over - 0 runs, 1 hit, 1 error, 1 left on base; Lakeland 7 - St. Petersburg 2 |
|